| TOP OF THE 1ST |
|
Baltimore Orioles batting - Pitching for California Angels : RHP Harambe Vick
|
|
Pitching: RHP Harambe Vick
|
|
|
Batting: RHB Saimei Kudo
|
0-0: Foul Ball, location: 2F 0-1: Called Strike 0-2: Ball 1-2: Foul Ball, location: 2F 1-2: Foul Ball, location: 2F 1-2: Foul Ball, location: 2F 1-2: Foul Ball, location: 2F 1-2: Ball 2-2: SINGLE (Line Drive, 6D, EV 97.5 MPH)
|
|
Batting: RHB Vince Jackson
|
0-0: Ball 1-0: Fly out, F8 (Flyball, 8LD, EV 75.0 MPH)
|
|
Batting: RHB Rudo Garciaparra
|
0-0: Ball 1-0: Ball 2-0: Called Strike 2-1: Foul Ball, location: 2F 2-2: Strikes out looking
|
|
Batting: SHB Jason Hayes
|
Pickoff Throw to First - Out! 1-3 CS
|
| Top of the 1st over - 0 runs, 1 hit, 0 errors, 0 left on base; Baltimore 0 - California 0 |
| BOTTOM OF THE 1ST |
|
California Angels batting - Pitching for Baltimore Orioles : LHP Lennart Hjelm
|
|
Pitching: LHP Lennart Hjelm
|
|
|
Batting: RHB Alain Delhaye
|
0-0: Ball 1-0: Foul Ball, location: 2F 1-1: Swinging Strike 1-2: Ball 2-2: Fly out, F7 (Flyball, 7D, EV 99.4 MPH)
|
|
Batting: RHB Nick Dunn
|
0-0: Ball 1-0: Ball 2-0: Ball 3-0: Base on Balls
|
|
Batting: LHB Mark Reeg
|
0-0: Ball Pickoff Throw to First - Out! 1-3 1-0: Called Strike 1-1: Ground out 4-3 (Groundball, 4, EV 86.9 MPH)
|
| Bottom of the 1st over - 0 runs, 0 hits, 0 errors, 0 left on base; Baltimore 0 - California 0 |
| TOP OF THE 2ND |
|
Baltimore Orioles batting - Pitching for California Angels : RHP Harambe Vick
|
|
Batting: SHB Jason Hayes
|
0-0: Ball 1-0: SOLO HOME RUN (Flyball, 8RXD, EV 110.6 MPH), Distance : 447 ft
|
|
Batting: RHB Bobby Ayala
|
0-0: Called Strike 0-1: Swinging Strike 0-2: Ball 1-2: Strikes out swinging
|
|
Batting: RHB Raul Mendoza
|
0-0: Swinging Strike 0-1: Ball 1-1: Foul Ball, location: 2F 1-2: Ball 2-2: Ball 3-2: Base on Balls
|
|
Batting: SHB Eduardo Maldonado
|
0-0: Called Strike 0-1: SINGLE (Groundball, 4MD, EV 109.4 MPH) Raul Mendoza to second
|
|
Batting: RHB Luis Ramos
|
0-0: Fielders Choice at 2nd, 6-4 (Groundball, 6, EV 75.6 MPH) Raul Mendoza to third
|
|
Batting: RHB Dave McBain
|
0-0: Called Strike 0-1: Ball 1-1: Swinging Strike 1-2: Strikes out swinging
|
| Top of the 2nd over - 1 run, 2 hits, 0 errors, 2 left on base; Baltimore 1 - California 0 |
| BOTTOM OF THE 2ND |
|
California Angels batting - Pitching for Baltimore Orioles : LHP Lennart Hjelm
|
|
Batting: RHB Preston Deakyne
|
0-0: Called Strike 0-1: Ball 1-1: Ball 2-1: Ball 3-1: Ground out 6-3 (Groundball, 6, EV 86.9 MPH)
|
|
Batting: LHB Rusty Ney
|
0-0: Ball 1-0: Swinging Strike 1-1: Foul Ball, location: 2F 1-2: Strikes out looking
|
|
Batting: RHB Bjoern Waltersson
|
0-0: Fly out, F8 (Flyball, 8LM, EV 78.8 MPH)
|
| Bottom of the 2nd over - 0 runs, 0 hits, 0 errors, 0 left on base; Baltimore 1 - California 0 |
| TOP OF THE 3RD |
|
Baltimore Orioles batting - Pitching for California Angels : RHP Harambe Vick
|
|
Batting: RHB Saimei Kudo
|
0-0: Ball 1-0: Called Strike 1-1: Fly out, F9 (Flyball, 89M, EV 82.5 MPH)
|
|
Batting: RHB Vince Jackson
|
0-0: Called Strike 0-1: Ball 1-1: Foul Ball, location: 2F 1-2: Ball 2-2: Ball 3-2: Base on Balls
|
|
Batting: RHB Rudo Garciaparra
|
0-0: Swinging Strike 0-1: Ball 1-1: Called Strike 1-2: Foul Ball, location: 2F 1-2: Foul Ball, location: 2F 1-2: Ball 2-2: DOUBLE (Line Drive, 89M, EV 95.0 MPH) Vince Jackson to third
|
|
Batting: SHB Jason Hayes
|
0-0: Ball 1-0: Foul Ball, location: 2F 1-1: Ball 2-1: Ground out 6-3 (Groundball, 6, EV 102.5 MPH) Vince Jackson scores
|
|
Batting: RHB Bobby Ayala
|
0-0: Ball 1-0: Called Strike 1-1: Foul Ball, location: 2F 1-2: Ground out U3 (Groundball, 3L, EV 83.8 MPH)
|
| Top of the 3rd over - 1 run, 1 hit, 0 errors, 1 left on base; Baltimore 2 - California 0 |
| BOTTOM OF THE 3RD |
|
California Angels batting - Pitching for Baltimore Orioles : LHP Lennart Hjelm
|
|
Batting: RHB Avery Maxwell
|
0-0: Called Strike 0-1: Ball 1-1: Ball 2-1: Called Strike 2-2: Ball 3-2: Foul Ball, location: 2F 3-2: Strikes out swinging
|
|
Batting: LHB Justin Alexander
|
0-0: Reached via error on a dropped throw from 1B, E1 (Groundball, 3D, EV 91.9 MPH)
|
|
Batting: LHB Javier Trujillo
|
0-0: Called Strike 0-1: Ball Justin Alexander steals 2nd base (no throw) 1-1: Ball 2-1: Foul Ball, location: 2F 2-2: Strikes out swinging
|
|
Batting: RHB Alain Delhaye
|
0-0: Ball 1-0: Ball 2-0: Called Strike 2-1: Reached on error, E5 (Groundball, 5, EV 94.4 MPH) Justin Alexander to third
|
|
Batting: RHB Nick Dunn
|
0-0: Called Strike 0-1: Ball 1-1: Called Strike 1-2: Fly out, F9 (Flyball, 9LS, EV 81.9 MPH)
|
| Bottom of the 3rd over - 0 runs, 0 hits, 2 errors, 2 left on base; Baltimore 2 - California 0 |
| TOP OF THE 4TH |
|
Baltimore Orioles batting - Pitching for California Angels : RHP Harambe Vick
|
|
Batting: RHB Raul Mendoza
|
0-0: Called Strike 0-1: Ball 1-1: Swinging Strike 1-2: Strikes out looking
|
|
Batting: SHB Eduardo Maldonado
|
0-0: Called Strike 0-1: Foul Ball, location: 2F 0-2: Ball 1-2: Strikes out swinging
|
|
Batting: RHB Luis Ramos
|
0-0: Called Strike 0-1: Called Strike 0-2: Ball 1-2: Ball 2-2: SINGLE (Groundball, 4MS, EV 68.8 MPH) (infield hit)
|
|
Pitching: LHP Ismael Diaz
|
|
|
Batting: RHB Dave McBain
|
0-0: Called Strike 0-1: Fly out, F8 (Line Drive, 8LD, EV 93.1 MPH)
|
| Top of the 4th over - 0 runs, 1 hit, 0 errors, 1 left on base; Baltimore 2 - California 0 |
| BOTTOM OF THE 4TH |
|
California Angels batting - Pitching for Baltimore Orioles : LHP Lennart Hjelm
|
|
Batting: LHB Mark Reeg
|
0-0: Ball 1-0: Foul Ball, location: 2F 1-1: Ground out 4-3 (Groundball, 4, EV 91.9 MPH)
|
|
Batting: RHB Preston Deakyne
|
0-0: Called Strike 0-1: Foul Ball, location: 2F 0-2: Fly out, F9 (Line Drive, 9S, EV 90.6 MPH)
|
|
Batting: LHB Rusty Ney
|
0-0: Foul Ball, location: 2F 0-1: Ball 1-1: Ball 2-1: Ball 3-1: Base on Balls
|
|
Batting: RHB Bjoern Waltersson
|
0-0: Ball 1-0: Foul Ball, location: 2F 1-1: Foul Ball, location: 2F 1-2: Foul Ball, location: 2F 1-2: Ball 2-2: Ball 3-2: SINGLE (Groundball, 4M, EV 86.2 MPH) (infield hit) Rusty Ney to second
|
|
Batting: RHB Avery Maxwell
|
0-0: Ball 1-0: Ball 2-0: Called Strike 2-1: Ball 3-1: Base on Balls Rusty Ney to third Bjoern Waltersson to second
|
|
Batting: LHB Justin Alexander
|
0-0: Ball 1-0: Foul Ball, location: 2F 1-1: Foul Ball, location: 2F 1-2: Ground out 4-3 (Groundball, 4, EV 91.2 MPH)
|
| Bottom of the 4th over - 0 runs, 1 hit, 0 errors, 3 left on base; Baltimore 2 - California 0 |
| TOP OF THE 5TH |
|
Baltimore Orioles batting - Pitching for California Angels : LHP Ismael Diaz
|
|
Now at C: Nelle Lommen
|
|
|
Now at 1B: Ryuji Ito
|
|
|
Now in LF: Rusty Ney
|
|
|
Now in RF: Micah Miller
|
|
|
Batting: RHB Saimei Kudo
|
0-0: Foul Ball, location: 2F 0-1: Ball 1-1: Ball 2-1: Foul Ball, location: 2F 2-2: Strikes out looking
|
|
Pinch Hitting: RHB Tylor Cyr
|
0-0: Called Strike 0-1: Fly out, F6 (Line Drive, 6, EV 63.8 MPH)
|
|
Batting: RHB Rudo Garciaparra
|
0-0: Fly out, F7 (Flyball, 78S, EV 89.4 MPH)
|
| Top of the 5th over - 0 runs, 0 hits, 0 errors, 0 left on base; Baltimore 2 - California 0 |
| BOTTOM OF THE 5TH |
|
California Angels batting - Pitching for Baltimore Orioles : LHP Lennart Hjelm
|
|
Pitching: RHP Jonathan Spicer
|
|
|
Now at 2B: Joe Young
|
|
|
Batting: LHB Javier Trujillo
|
0-0: Called Strike 0-1: Ball 1-1: Ball 2-1: Swinging Strike 2-2: SINGLE (Groundball, 34D, EV 96.9 MPH)
|
|
Batting: LHB Micah Miller
|
0-0: Ball Javier Trujillo steals 2nd base 1-0: Ball 2-0: Ball 3-0: Called Strike 3-1: Base on Balls
|
|
Pinch Hitting: RHB Ryan Munro
|
0-0: Ball 1-0: Ball 2-0: Foul Ball, location: 2F 2-1: Ball 3-1: Ground out 5-3 (Groundball, 56S, EV 65.6 MPH) Javier Trujillo to third Micah Miller to second
|
|
Batting: LHB Mark Reeg
|
0-0: Ball 1-0: Foul Ball, location: 2F 1-1: Fly out, F9 (Flyball, 9, EV 73.1 MPH) Runner from 3rd tags up, SCORES, throw by RF
|
|
Batting: RHB Preston Deakyne
|
0-0: Called Strike 0-1: SINGLE (Groundball, 56D, EV 99.4 MPH) Micah Miller to third
|
|
Batting: LHB Rusty Ney
|
0-0: Ball 1-0: Swinging Strike 1-1: Foul Ball, location: 2F 1-2: Foul Ball, location: 2F 1-2: Foul Ball, location: 2F 1-2: Ball 2-2: Foul Ball, location: 2F 2-2: Strikes out swinging
|
| Bottom of the 5th over - 1 run, 2 hits, 0 errors, 2 left on base; Baltimore 2 - California 1 |
| TOP OF THE 6TH |
|
Baltimore Orioles batting - Pitching for California Angels : LHP Ismael Diaz
|
|
Now at 2B: Ryan Munro
|
|
|
Batting: RHB Daniel Jackson
|
0-0: Ball 1-0: Ball 2-0: Ball 3-0: Called Strike 3-1: Base on Balls
|
|
Pinch Hitting: SHB Robbie Rogers
|
0-0: Foul Ball, location: 2F 0-1: Ball 1-1: Foul Ball, location: 2F 1-2: Fly out, F8 (Flyball, 8LXD, EV 103.8 MPH)
|
|
Batting: RHB Raul Mendoza
|
0-0: Called Strike 0-1: Ball 1-1: Foul Ball, location: 2F 1-2: Ball 2-2: Foul Ball, location: 2F 2-2: Strikes out swinging
|
|
Batting: SHB Eduardo Maldonado
|
0-0: Ball 1-0: Ball Wild Pitch! Daniel Jackson to second 2-0: Swinging Strike 2-1: Ball 3-1: Foul Ball, location: 2F 3-2: Foul Ball, location: 2F 3-2: Strikes out looking
|
| Top of the 6th over - 0 runs, 0 hits, 0 errors, 1 left on base; Baltimore 2 - California 1 |
| BOTTOM OF THE 6TH |
|
California Angels batting - Pitching for Baltimore Orioles : RHP Jonathan Spicer
|
|
Pitching: RHP Ryuhei Shimabukuro
|
|
|
Now at 1B: Luke Vaccarino
|
|
|
Pinch Hitting: LHB Jonathon Walton
|
0-0: Foul Ball, location: 2F 0-1: Foul Ball, location: 2F 0-2: Foul Ball, location: 2F 0-2: Strikes out swinging
|
|
Batting: RHB Ryuji Ito
|
0-0: Ball 1-0: Ball 2-0: Ball 3-0: Base on Balls
|
|
Batting: RHB Nelle Lommen
|
0-0: Ball 1-0: Fly out, F4 (Line Drive, 4, EV 66.9 MPH)
|
|
Batting: LHB Javier Trujillo
|
0-0: Called Strike 0-1: Ball 1-1: Called Strike 1-2: Ball 2-2: SINGLE (Flyball, 6D, EV 86.2 MPH) Ryuji Ito to second
|
|
Batting: LHB Micah Miller
|
0-0: Ball 1-0: Ball 2-0: Foul Ball, location: 2F 2-1: Ground out U3 (Groundball, 3, EV 101.9 MPH)
|
| Bottom of the 6th over - 0 runs, 1 hit, 0 errors, 2 left on base; Baltimore 2 - California 1 |
| TOP OF THE 7TH |
|
Baltimore Orioles batting - Pitching for California Angels : LHP Ismael Diaz
|
|
Pitching: RHP Tim Anderson
|
|
|
Now in CF: Jonathon Walton
|
|
|
Pinch Hitting: RHB Travis Leonard
|
0-0: Ground out U3 (Groundball, 3, EV 85.0 MPH)
|
|
Batting: RHB Dave McBain
|
0-0: Ball 1-0: Ball 2-0: Swinging Strike 2-1: Ground out 6-3 (Groundball, 6, EV 78.8 MPH)
|
|
Batting: RHB Saimei Kudo
|
0-0: SINGLE (Groundball, 56D, EV 96.2 MPH)
|
|
Batting: RHB Joe Young
|
0-0: Ball Saimei Kudo steals 2nd base 1-0: Ball 2-0: Ground out 5-3 (Groundball, 5L, EV 108.1 MPH)
|
| Top of the 7th over - 0 runs, 1 hit, 0 errors, 1 left on base; Baltimore 2 - California 1 |
| BOTTOM OF THE 7TH |
|
California Angels batting - Pitching for Baltimore Orioles : RHP Ryuhei Shimabukuro
|
|
Now in LF: Travis Leonard
|
|
|
Now in CF: Dave McBain
|
|
|
Batting: RHB Ryan Munro
|
0-0: Called Strike 0-1: Swinging Strike 0-2: Ball 1-2: Fly out, F7 (Flyball, 7, EV 83.8 MPH)
|
|
Batting: LHB Mark Reeg
|
0-0: Ball 1-0: Called Strike 1-1: Called Strike 1-2: Strikes out swinging
|
|
Batting: RHB Preston Deakyne
|
0-0: Ball 1-0: Ball 2-0: Called Strike 2-1: Ball 3-1: Base on Balls
|
|
Batting: LHB Rusty Ney
|
0-0: Called Strike 0-1: Called Strike 0-2: Foul Ball, location: 2F 0-2: Ball 1-2: Strikes out swinging
|
| Bottom of the 7th over - 0 runs, 0 hits, 0 errors, 1 left on base; Baltimore 2 - California 1 |
| TOP OF THE 8TH |
|
Baltimore Orioles batting - Pitching for California Angels : RHP Tim Anderson
|
|
Batting: RHB Rudo Garciaparra
|
0-0: Ball 1-0: Ball 2-0: Foul Ball, location: 2F 2-1: Foul Ball, location: 2F 2-2: Ball 3-2: Foul Ball, location: 2F 3-2: Fly out, F7 (Flyball, 78S, EV 86.9 MPH)
|
|
Batting: RHB Daniel Jackson
|
0-0: Called Strike 0-1: Called Strike 0-2: Strikes out looking
|
|
Batting: RHB Luke Vaccarino
|
0-0: Reached on error, E4 (Groundball, 4, EV 85.0 MPH)
|
|
Batting: RHB Raul Mendoza
|
0-0: Called Strike 0-1: Ball 1-1: Ball 2-1: Called Strike 2-2: Ball 3-2: Strikes out swinging
|
| Top of the 8th over - 0 runs, 0 hits, 1 error, 1 left on base; Baltimore 2 - California 1 |
| BOTTOM OF THE 8TH |
|
California Angels batting - Pitching for Baltimore Orioles : RHP Ryuhei Shimabukuro
|
|
Pitching: RHP Pat Wiggins
|
|
|
Batting: LHB Jonathon Walton
|
0-0: Ball 1-0: Called Strike 1-1: Ball 2-1: Ball 3-1: Base on Balls
|
|
Batting: RHB Ryuji Ito
|
0-0: Called Strike 0-1: Foul Ball, location: 2F 0-2: SINGLE (Groundball, 34D, EV 102.5 MPH) Jonathon Walton to second Runner from 2nd tries for 3rd, OUT! 9-5 Ryuji Ito to second
|
|
Batting: RHB Nelle Lommen
|
0-0: Called Strike 0-1: Fly out, F9 (Flyball, 9, EV 96.2 MPH)
|
|
Batting: LHB Javier Trujillo
|
0-0: Ball 1-0: Swinging Strike 1-1: Foul Ball, location: 2F 1-2: Ball 2-2: Foul Ball, location: 2F 2-2: DOUBLE (Flyball, 8LXD, EV 105.6 MPH) Ryuji Ito scores
|
|
Batting: LHB Micah Miller
|
0-0: Ball 1-0: Called Strike 1-1: Ground out 4-3 (Groundball, 4, EV 85.6 MPH)
|
| Bottom of the 8th over - 1 run, 2 hits, 0 errors, 1 left on base; Baltimore 2 - California 2 |
| TOP OF THE 9TH |
|
Baltimore Orioles batting - Pitching for California Angels : RHP Tim Anderson
|
|
Pitching: LHP George Poirier
|
|
|
Batting: SHB Eduardo Maldonado
|
0-0: Foul Ball, location: 2F 0-1: Ball 1-1: Ball 2-1: Ball 3-1: Foul Ball, location: 2F 3-2: Fly out, F9 (Flyball, 9D, EV 105.0 MPH)
|
|
Batting: RHB Travis Leonard
|
0-0: SINGLE (Groundball, 6MD, EV 101.9 MPH)
|
|
Batting: RHB Dave McBain
|
0-0: Ball 1-0: Ball 2-0: Ball 3-0: Base on Balls Travis Leonard to second
|
|
Batting: RHB Saimei Kudo
|
0-0: Ball 1-0: Ball 2-0: Called Strike 2-1: DOUBLE (Line Drive, 9LM, EV 101.9 MPH) Travis Leonard scores Dave McBain to third
|
|
Batting: RHB Joe Young
|
0-0: Swinging Strike 0-1: Swinging Strike 0-2: Foul Ball, location: 2F 0-2: Strikes out swinging
|
|
Batting: RHB Rudo Garciaparra
|
0-0: Called Strike 0-1: Foul Ball, location: 2F 0-2: Ball 1-2: Strikes out swinging
|
| Top of the 9th over - 1 run, 2 hits, 0 errors, 2 left on base; Baltimore 3 - California 2 |
| BOTTOM OF THE 9TH |
|
California Angels batting - Pitching for Baltimore Orioles : RHP Pat Wiggins
|
|
Pitching: RHP Andy Rondeau
|
|
|
Batting: RHB Ryan Munro
|
0-0: Foul Ball, location: 2F 0-1: SINGLE (Groundball, 56D, EV 101.9 MPH)
|
|
Batting: LHB Mark Reeg
|
0-0: Called Strike 0-1: Fly out, F3 (Popup, 3SF, EV 78.8 MPH)
|
|
Batting: RHB Preston Deakyne
|
0-0: Swinging Strike 0-1: Fly out, F8 (Flyball, 8RS, EV 95.0 MPH)
|
|
Batting: LHB Rusty Ney
|
0-0: Ball 1-0: Swinging Strike 1-1: Called Strike 1-2: Strikes out swinging
|
| Bottom of the 9th over - 0 runs, 1 hit, 0 errors, 1 left on base; Baltimore 3 - California 2 |
|